 Dungeon Crawl Stone Soup version 0.19.3-4-gbf9329e (webtiles) character file.

16369 muxecoid the Fighter (level 12, -3/100 HPs)
             Began as a Formicid Wanderer on Jan 27, 2017.
             Was an Elder of Okawaru.
             Slain by a troll (7 damage)
             ... on level 13 of the Dungeon.
             The game lasted 01:10:59 (17387 turns).

muxecoid the Fighter (Formicid Wanderer)           Turns: 17387, Time: 01:10:59

Health: -3/100     AC: 19    Str: 20    XL:     12   Next: 69%
Magic:  11/13      EV: 12    Int: 16    God:    Okawaru [****..]
Gold:   899        SH: 10    Dex:  8    Spells: 1 memorised, 10 levels left

rFire  . . .     SeeInvis +     D - +2 hand axe (flame)
rCold  . . .     Gourm    .     q - +1 swamp dragon scales
rNeg   . . .     Faith    .     V - +0 buckler
rPois  +         Spirit   .     (helmet unavailable)
rElec  .         Reflect  +     (no cloak)
rCorr  .         Harm     .     (no gloves)
MR     +....                    M - +1 pair of boots
Stlth  ++++......               O - +2 amulet of reflection
                                U - +4 ring of protection
                                c - +1 ring of slaying

@: heroism
A: permanent stasis, dig shafts and tunnels, four strong arms, antennae 3, fangs
1, large bone plates 1, evolution 1
a: Dig, Shaft Self, Heroism, Renounce Religion


You were on level 13 of the Dungeon.
You worshipped Okawaru.
Okawaru was greatly pleased with you.
You were very hungry.

You visited 4 branches of the dungeon, and saw 19 of its levels.

You collected 899 gold pieces.

Inventory:

Hand Weapons
 a - a +0 hand crossbow
 b - the +9 hand axe of Starshine {elec, MR+}
   (You found it on level 6 of the Dungeon)

   Occasionally, upon striking a foe, it will discharge some electrical energy
   and cause terrible harm.
   It affects your resistance to hostile enchantments.
 h - the cursed +1 short sword of Bloody Death {antimagic, +Fly Stlth+}
   (You found it on level 10 of the Dungeon)

   It reduces the magical energy of the wielder, and disrupts the spells and
   magical abilities of those hit.
   Natural abilities and divine invocations are not affected.
   It lets you fly.
   It makes you more stealthy.
   It has a curse placed upon it.
 D - a +2 hand axe of flaming (weapon)
 N - a +0 scimitar
Missiles
 m - 108 bolts
 H - 10 tomahawks (quivered)
 W - 8 silver javelins
 X - 4 exploding tomahawks
Armour
 q - +1 swamp dragon scales (worn)
 M - a +1 pair of boots (worn)
 V - a +0 buckler (worn)
Magical Staves
 x - an uncursed staff of conjuration {unknown}
Jewellery
 c - a +1 ring of slaying (left hand)
 J - the ring of the Lily {Ice rN+ MR++ Str-2}
   (You found it on level 5 of the Dungeon)

   [ring of ice]

   It enhances your ice magic.
   It affects your strength (-2).
   It makes you vulnerable to fire.
   It protects you from cold.
   It protects you from negative energy.
   It affects your resistance to hostile enchantments.
 K - an uncursed ring of protection from cold
 O - a +2 amulet of reflection (around neck)
 U - a +4 ring of protection (right hand)
Wands
 C - a wand of disintegration (5/24)
 L - a wand of slowing (26/48)
 R - a wand of polymorph (12/24)
 T - a wand of iceblast (7/15)
Scrolls
 e - 4 scrolls of noise {unknown}
 g - a scroll of recharging {unknown}
 i - 2 scrolls of identify
 j - 8 scrolls of magic mapping
 n - 5 scrolls of amnesia
 o - a scroll of fog
 p - 6 scrolls of fear
 t - a scroll of enchant armour
 v - 4 scrolls of enchant weapon {unknown}
 w - 11 scrolls of remove curse
 y - a scroll of vulnerability {unknown}
 z - a scroll of brand weapon {unknown}
 S - 2 scrolls of torment {unknown}
Potions
 d - a potion of beneficial mutation {unknown}
 r - 2 potions of curing
 s - a potion of cure mutation {unknown}
 u - 3 potions of might {unknown}
 A - 5 potions of flight {unknown}
 B - a potion of brilliance {unknown}
 G - 4 potions of degeneration {unknown}
 I - 2 potions of invisibility {unknown}
 P - a potion of cancellation {unknown}
 Y - 3 potions of agility
 Z - 2 potions of berserk rage {unknown}
Comestibles
 f - 3 bread rations
 k - 7 meat rations
 E - a beef jerky
 F - 6 slices of pizza
 Q - 11 fruits


   Skills:
 + Level 11.2(16.2) Fighting
 - Level 5.2(12.9) Short Blades
 + Level 9.2(14.8) Long Blades
 - Level 9.0(14.0) Axes
 + Level 1.2(6.2) Crossbows
 - Level 3.5(8.5) Throwing
 + Level 9.1(14.1) Armour
 + Level 8.2(13.2) Stealth
 * Level 0.8(5.8) Shields
 + Level 1.9 Invocations
 + Level 1.2 Evocations


You had 10 spell levels left.
You knew the following spells:

 Your Spells              Type           Power        Failure   Level  Hunger
a - Corona                Hex            #......      38%         1    ##.....


Dungeon Overview and Level Annotations

Branches:
Dungeon (15/15)            Temple (1/1) D:7            Lair (1/6) D:10
    Orc (2/2) D:11         Depths (0/5) D:15
    Elf: Orc:2       Vaults: D:13-14

Altars:
Cheibriados
Dithmenos
Elyvilon
Fedhas
Gozag
Hepliaklqana
Kikubaaqudgha
Makhleb
Okawaru
Qazlal
Ru
Trog
Uskayaw
Vehumet
Xom
Yredelemnul
Zin
The Shining One

Shops:
D:5 *

Annotations:
D:5 Azzok's ghost, novice MiBe
Lair:1 Harold
Orc:2 Josephine


Innate Abilities, Weirdness & Mutations

You are under a permanent stasis effect.
You can dig through walls and to a lower floor.
Your four strong arms can wield two-handed weapons with a shield.
You have a pair of large antennae on your head. (SInv)
You have very sharp teeth.
You are partially covered in large bone plates. (SH +4)
You evolve.


Message History

The eight-headed hydra bites you but does no damage.
You chop one of the eight-headed hydra's heads off!
The flame cauterises the wound!
You slice the seven-headed hydra!! You burn the seven-headed hydra!
The seven-headed hydra is moderately wounded.
You hit the troll. You burn the troll. The troll bites you.
* * * LOW HITPOINT WARNING * * *
The troll barely misses you. The troll claws you.
* * * LOW HITPOINT WARNING * * *
You feel better. The seven-headed hydra bites you!
* * * LOW HITPOINT WARNING * * *
The seven-headed hydra barely misses you.
The seven-headed hydra bites you but does no damage. x2
You block the seven-headed hydra's attack.
The seven-headed hydra misses you.
You block the seven-headed hydra's attack.
You block the troll's attack. The troll claws you!
* * * LOW HITPOINT WARNING * * *
The troll claws you!
You die...

##.....## #.#.....#
##....(..## #...###.#
#.........####....##.#
'.).......'.......##.#
#.........####....##.#
##.......## ##...##.#
##.....## ##.....#
##...## #D##### ##'##
#@# #.# #T# #.# #.#
##.## #.#
##...#########.#
#..........)...#
####....#######..#
.####.#.#######..#
.................#


You could see a seven-headed hydra and a troll.

Vanquished Creatures
  A hydra (D:10)
  3 unseen horrors
  2 hill giants
  Pikel (D:8)
  A deep elf mage (D:10)
  An oklob plant (D:10)
  2 ugly things
  2 cyclopes (D:13)
  2 centaur zombies (D:13)
  A gargoyle (D:12)
  2 centaur skeletons
  2 komodo dragons
  3 trolls
  A tengu conjurer (D:13)
  A blink frog (Lair:1)
  3 hippogriffs
  2 dream sheep (D:10)
  2 yaks (D:10)
  A basilisk (D:12)
  Grum (D:8)
  A hungry ghost (D:13)
  A steam dragon (D:11)
  A vampire mosquito (D:10)
  A mottled dragon (D:11)
  A warg (Orc:1)
  A water moccasin (D:10)
  2 sky beasts
  2 orc warriors
  3 ice beasts
  An eye of draining (D:13)
  2 phantoms
  A slave (D:8)
  A necrophage (D:8)
  6 ogres
  7 centaurs
  3 wolves (D:8)
  A crocodile (D:13)
  4 big kobolds
  6 bullfrogs
  A wyvern skeleton (D:10)
  2 scorpions (D:7)
  8 wights
  5 howler monkeys
  6 crimson imps
  A bullfrog zombie (D:12)
  2 jellies
  3 bullfrog skeletons
  3 orc priests
  A gnoll shaman (D:5)
  10 hounds
  9 orc wizards
  2 iguanas
  9 worker ants
  A hound zombie (D:6)
  A hound skeleton (D:9)
  2 worker ant zombies
  12 gnolls
  9 adders
  2 shadow imps
  An adder skeleton (D:5)
  2 worms
  A dart slug (D:4)
  4 leopard geckos
  40 orcs
  11 giant cockroaches
  11 goblins
  7 hobgoblins
  13 jackals
  3 quokkas
  2 ball pythons
  10 bats
  5 frilled lizards
  A jackal skeleton (D:4)
  12 kobolds
  A leopard gecko zombie (D:6)
  A quokka skeleton (D:8)
  11 rats
  5 plants (D:10)
309 creatures vanquished.

Vanquished Creatures (others)
  A slave (D:8)
  A plant (Lair:1)
2 creatures vanquished.

Grand Total: 311 creatures vanquished

Notes
Turn   | Place    | Note
-------+----------+-------------------------------------------
     0 | D:1      | muxecoid the Formicid Wanderer began the quest for the Orb.
     0 | D:1      | muxecoid set off with: a +2 short sword, a potion of curing, a potion of lignification, a +0 robe, a +0 dagger, a bread ration
     0 | D:1      | Reached XP level 1. HP: 18/18 MP: 1/1
    57 | D:1      | Reached XP level 2. HP: 24/24 MP: 2/2
   553 | D:1      | Reached XP level 3. HP: 29/30 MP: 3/3
   974 | D:2      | Found a faded altar of an unknown god.
  1071 | D:2      | Reached XP level 4. HP: 37/37 MP: 4/4
  1166 | D:3      | Reached skill level 4 in Fighting
  1294 | D:4      | Reached skill level 5 in Short Blades
  1491 | D:5      | Entered Level 5 of the Dungeon
  1497 | D:4      | Reached XP level 5. HP: 41/42 MP: 5/5
  1560 | D:4      | You fall through a shaft for 3 floors!
  1560 | D:7      | Noticed a bullfrog
  1568 | D:7      | You fall through a shaft for 3 floors!
  1568 | D:10     | Entered Level 10 of the Dungeon
  1764 | D:9      | Noticed a phantom
  1841 | D:10     | Noticed a big kobold
  1903 | D:10     | Found an ancient bone altar of Kikubaaqudgha.
  1903 | D:10     | Noticed a water moccasin
  1952 | D:8      | Noticed an unseen horror
  2015 | D:8      | Killed an unseen horror
  2015 | D:8      | Reached skill level 5 in Fighting
  2015 | D:8      | Reached skill level 1 in Evocations
  2015 | D:8      | Reached XP level 6. HP: 10/51 MP: 6/6
  2015 | D:8      | Reached XP level 7. HP: 11/56 MP: 7/7
  2441 | D:7      | Reached XP level 8. HP: 37/62 MP: 8/8
  2674 | D:7      | Reached skill level 5 in Armour
  3127 | D:8      | Found a white marble altar of Elyvilon.
  3223 | D:8      | Noticed Pikel
  3604 | D:7      | Found a staircase to the Ecumenical Temple.
  3610 | Temple   | Entered the Ecumenical Temple
  3716 | Temple   | Became a worshipper of Warmaster Okawaru
  4705 | D:5      | Reached XP level 9. HP: 52/69 MP: 9/9
  4793 | D:5      | Found Xotziev's Serpentskin Sales.
  4816 | D:5      | Reached * piety under Okawaru
  4862 | D:5      | Got a flickering iron ring
  4864 | D:5      | Identified the ring of the Lily {Ice rN+ MR++ Str-2} (You found it on level 5 of the Dungeon)
  4881 | D:5      | Reached skill level 6 in Fighting
  4897 | D:5      | Noticed Azzok's ghost (novice MiBe)
  5199 | D:4      | Reached skill level 5 in Long Blades
  6690 | D:3      | Found a burning altar of Makhleb.
  6693 | D:3      | Found a basalt altar of Yredelemnul.
  6696 | D:3      | Found a glowing silver altar of Zin.
  7064 | D:4      | You fall through a shaft for 2 floors!
  7284 | D:8      | Noticed a hippogriff
  7412 | D:8      | You fall through a shaft for 3 floors!
  7613 | D:11     | You fall through a shaft for 2 floors!
  7943 | D:14     | Noticed a hill giant
  7955 | D:13     | You fall through a shaft for 2 floors!
  7955 | D:15     | Entered Level 15 of the Dungeon
  8235 | D:14     | Noticed a wizard
  8400 | D:15     | Noticed a skeletal warrior
  8412 | D:14     | Noticed a komodo dragon
  8505 | D:13     | Noticed a cyclops
  8913 | D:10     | Got an iridescent short sword
  8917 | D:10     | Identified the cursed +1 short sword of Bloody Death {antimagic, +Fly Stlth+} (You found it on level 10 of the Dungeon)
  9106 | D:10     | Reached skill level 7 in Fighting
  9113 | D:10     | Reached XP level 10. HP: 69/79 MP: 10/10
  9262 | D:9      | Reached ** piety under Okawaru
 10423 | D:6      | Got a scorched hand axe
 10424 | D:6      | Identified the +9 hand axe of Starshine {elec, MR+} (You found it on level 6 of the Dungeon)
 10451 | D:6      | Reached skill level 5 in Stealth
 10678 | D:7      | Reached skill level 1 in Axes
 10818 | D:8      | Killed Pikel
 10905 | D:8      | Reached skill level 8 in Fighting
 11025 | D:8      | Reached *** piety under Okawaru
 11043 | D:8      | Noticed Grum
 11224 | D:8      | Killed Grum
 11721 | D:9      | Found a runed door.
 12046 | D:9      | Noticed an orc knight
 12084 | D:9      | You fall through a shaft for 3 floors!
 12292 | D:11     | Noticed an unseen horror
 12307 | D:11     | Killed an unseen horror
 12307 | D:11     | Reached skill level 5 in Axes
 12307 | D:11     | Reached XP level 11. HP: 80/86 MP: 11/11
 12351 | D:10     | Received a gift from Okawaru
 12368 | D:11     | Reached **** piety under Okawaru
 12418 | D:10     | Noticed an unseen horror
 12433 | D:10     | Killed an unseen horror
 12557 | D:10     | Noticed an oklob plant
 12814 | D:10     | Found a staircase to the Lair.
 12876 | D:10     | Killed an oklob plant
 12876 | D:10     | Received a gift from Okawaru
 12905 | Lair:1   | Entered Level 1 of the Lair of Beasts
 12934 | Lair:1   | Noticed Harold
 12960 | Lair:1   | HP: 2/86 [Harold/trident (4)]
 13303 | D:10     | Noticed a deep elf mage
 13305 | D:10     | Noticed a hill giant
 13341 | D:10     | Killed a hill giant
 13341 | D:10     | Received a gift from Okawaru
 13341 | D:10     | Reached skill level 9 in Fighting
 13717 | D:10     | Killed a deep elf mage
 13966 | D:10     | Noticed a three-headed hydra
 13987 | D:10     | Killed a one-headed hydra
 13987 | D:10     | Reached ***** piety under Okawaru
 14021 | D:10     | Learned a level 1 spell: Corona
 14150 | D:11     | Found a staircase to the Orcish Mines.
 14223 | D:11     | Noticed a purple ugly thing
 14229 | D:11     | Killed a purple ugly thing
 14229 | D:11     | Reached XP level 12. HP: 70/97 MP: 8/12
 14367 | Orc:1    | Entered Level 1 of the Orcish Mines
 14568 | Orc:2    | Entered Level 2 of the Orcish Mines
 14568 | Orc:2    | Noticed Josephine
 14778 | D:11     | Received a gift from Okawaru
 14905 | D:11     | Reached skill level 10 in Fighting
 15201 | D:12     | Reached skill level 1 in Invocations
 15453 | D:12     | Received a gift from Okawaru
 15732 | D:12     | Noticed a centaur warrior
 15997 | D:13     | Gained mutation: You are partially covered in large bone plates. (SH +4) [potion of mutation]
 15997 | D:13     | Gained mutation: You evolve. [potion of mutation]
 15997 | D:13     | Gained mutation: You have very sharp teeth. [potion of mutation]
 16287 | D:13     | Reached skill level 11 in Fighting
 16457 | D:14     | Noticed an eight-headed hydra
 16721 | D:13     | Reached skill level 1 in Crossbows
 17387 | D:13     | HP: 4/100 [troll (9)]
 17387 | D:13     | Slain by a troll

Skill      XL: |  1  2  3  4  5  6  7  8  9 10 11 12 |
---------------+-------------------------------------+-----
Fighting       | 4 5 7 8 9 11 | 11.2
Short Blades   | 5 |  5.2
Long Blades    | 2 4 7 9 |  9.2
Throwing       | 2 3 |  3.5
Armour         | 4 6 7 9 |  9.1
Stealth        | 3 4 5 6 8 |  8.2
Evocations     | 1 |  1.2
Axes           | 5 9 |  9.0
Invocations    | 1 |  1.9
Crossbows      | 1 |  1.2
Shields        | |  0.8

Action                   |  1- 3 |  4- 6 |  7- 9 | 10-12 || total
-------------------------+-------+-------+-------+-------++-------
Melee: Short sword       |    80 |    62 |    52 |       ||   194
       Falchion          |       |    11 |   591 |    54 ||   656
       Punch             |       |       |     1 |       ||     1
       Hand axe          |       |       |       |   394 ||   394
       Scimitar          |       |       |       |    72 ||    72
       Bite              |       |       |       |     7 ||     7
 Fire: Hand crossbow     |       |       |       |     8 ||     8
Throw: Tomahawk          |       |    11 |     8 |    35 ||    54
       Javelin           |       |       |       |     1 ||     1
Invok: Heroism           |       |       |     1 |     7 ||     8
       Finesse           |       |       |       |     1 ||     1
 Abil: Shaft Self        |       |     2 |     4 |     1 ||     7
Evoke: Wand              |       |     4 |       |       ||     4
  Use: Potion            |       |     3 |       |     4 ||     7
       Scroll            |       |       |    12 |     3 ||    15
 Stab: Sleeping          |     7 |       |     6 |     7 ||    20
       Distracted        |       |       |     1 |     1 ||     2
  Eat: Chunk             |       |     3 |    16 |    23 ||    42
       Fruit             |       |       |     5 |     1 ||     6
       Meat ration       |       |       |     1 |       ||     1
       Beef jerky        |       |       |       |     2 ||     2
Armor: Robe              |    14 |       |       |       ||    14
       Swamp dragon scal |     6 |    24 |   301 |   200 ||   531
       Skin              |       |    36 |    13 |       ||    49
Dodge: Dodged            |    40 |    36 |   353 |   229 ||   658
Block: Buckler           |       |       |       |    23 ||    23
       Other             |       |       |       |     6 ||     6
       Rpst.: Falchion   |       |     9 |   112 |     7 ||   128
       Scimitar          |       |       |       |     8 ||     8
